 Dungeon Crawl Stone Soup version 0.30.0-29-ga12c61a403 (webtiles) character file.

Game seed: 14301624513166756634

7905 Arctor the Transmogrifier (level 11, -10/85 HPs)
             Began as a Gargoyle Conjurer on June 23, 2023.
             Was a Believer of Vehumet.
             Killed from afar by a gargoyle (12 damage)
             ... with a stone arrow
             ... on level 10 of the Dungeon.
             The game lasted 00:28:59 (11939 turns).

Arctor the Transmogrifier (Gargoyle Conjurer)      Turns: 11939, Time: 00:28:59

Health: -10/85     AC: 29    Str: 10    XL:     11   Next: 22%
Magic:  10/22      EV:  2    Int: 25    God:    Vehumet [**....]
Gold:   226        SH:  5    Dex: 10    Spells: 16/25 levels left

rFire   + + +        t - +5 dagger (venom)
rCold   . . .        s - +0 buckler
rNeg    + . .        a - melded +0 robe
rPois   ∞            y - melded +1 helmet
rElec   .            (cloak currently unavailable)
rCorr   .            H - melded +0 pair of gloves
SInv    .            o - melded +0 pair of boots
Will    +....        p - amulet "Pubuahyn" {Faith Rampage rPois rF+++ Dex-3}
Stlth   +++          q - ring of willpower
HPRegen 0.34/turn    x - +4 ring of protection
MPRegen 0.18/turn

%: rampage, faith
@: mighty, tree-form
A: stationary, stasis, torment immunity, boosted hp, sickness immunity, AC +8,
negative energy resistance 1, (electricity resistance), torment resistance 1,
petrification resistance, (iridescent scales 1), thin skeletal structure 1,
agile 1, clever 1, (shaggy fur 1)
a: Renounce Religion


You were on level 10 of the Dungeon.
You worshipped Vehumet.
Vehumet was pleased with you.
You were a tree.
You visited 2 branches of the dungeon, and saw 11 of its levels.

You collected 538 gold pieces.
You spent 312 gold pieces at shops.

Inventory:

Hand Weapons
 e - a +2 short sword of speed
 j - a +0 sling
 t - a +5 dagger of venom (weapon)
 v - a +1 dagger of holy wrath
Missiles
 d - 6 poisoned darts
Armour
 a - a +0 robe (melded)
 o - a +0 pair of boots (melded)
 s - a +0 buckler (worn)
 y - a +1 helmet (melded)
 F - a +0 kite shield
 H - a +0 pair of gloves (melded)
 I - +0 acid dragon scales
Magical Staves
 J - a staff of earth
Jewellery
 k - an amulet of regeneration
 p - the amulet "Pubuahyn" (around neck) {Faith Rampage rPois rF+++ Dex-3}
   (You acquired it on level 5 of the Dungeon)

   [amulet of faith]

   It allows you to gain divine favour quickly.
   Dex:       It affects your dexterity (-3).
   rF:        It renders you almost immune to fire.
   rPois:     It protects you from poison.
   Rampage:   It bestows one free step when moving towards enemies.
 q - a ring of willpower (left branch)
 w - an amulet of guardian spirit
 x - a +4 ring of protection (right branch)
 B - a ring of see invisible
 D - a +5 ring of evasion
Wands
 r - a wand of flame (11)
 E - a wand of iceblast (8)
 L - a wand of charming (30)
Scrolls
 c - 2 scrolls of noise
 l - 3 scrolls of teleportation
 m - 3 scrolls of torment
 C - 3 scrolls of poison
 K - a scroll of magic mapping
 M - a scroll of amnesia
 N - 2 scrolls of identify
Potions
 b - 4 potions of magic
 g - 3 potions of brilliance
 h - 2 potions of berserk rage
 i - 4 potions of might
 n - a potion of attraction
 z - a potion of lignification
 A - a potion of invisibility
 G - a potion of cancellation {unknown}


   Skills:
 - Level 1.8 Fighting
 - Level 4.5 Dodging
 - Level 3.2 Stealth
 - Level 5.9 Shields
 - Level 7.7 Spellcasting
 - Level 6.0 Conjurations
 + Level 10.2 Transmutations


You had 16 spell levels left.
You knew the following spells:

 Your Spells              Type           Power      Damage    Failure   Level
a - Magic Dart            Conj           100%       1d8       1%          1
b - Searing Ray           Conj           78%        2d7       1%          2
c - Dazzling Flash        Conj/Hex       48%        N/A       8%          3
d - Spider Form           Tmut/Pois      35%        N/A       3%          3

Your spell library contained the following spells:

 Spells                   Type           Power      Damage    Failure   Level
 Foxfire                  Conj/Fire      96%        2x1d8     2%          1
 Blade Hands              Tmut           28%        N/A       3%          5
 Ignite Poison            Fire/Tmut/Pois 26%        N/A       6%          3
 Irradiate                Conj/Tmut      25%        3d20      9%          5
 Blink                    Tloc           18%        N/A       13%         2
 Ensorcelled Hibernation  Hex/Ice        18%        N/A       13%         2
 Iskenderun's Battlesphe  Conj           39%        2d9       21%         5
 Fulminant Prism          Conj/Hex       12%        3d9       24%         4
 Iskenderun's Mystic Bla  Conj/Tloc      24%        2d7       24%         4
 Call Canine Familiar     Summ           9%         N/A       26%         3
 Ozocubu's Armour         Ice            9%         N/A       26%         3
 Portal Projectile        Hex/Tloc       18%        N/A       26%         3
 Anguish                  Hex/Necr       4%         N/A       63%         4
 Leda's Liquefaction      Hex/Erth       4%         N/A       63%         4
 Manifold Assault         Tloc           9%         N/A       63%         4
 Passage of Golubria      Tloc           9%         N/A       63%         4
 Freezing Cloud           Conj/Ice/Air   9%         6-21      71%         5
 Dragon Form              Tmut           28%        N/A       73%         7
 Metabolic Englaciation   Hex/Ice        4%         N/A       93%         5
 Silence                  Hex/Air        4%         N/A       93%         5
 Iron Shot                Conj/Erth      12%        9d3       98%         6
 Dispersal                Tloc           4%         N/A       100%        6
 Simulacrum               Ice/Necr       4%         N/A       100%        6
 Spellforged Servitor     Conj/Summ      12%        N/A       100%        7
 Storm Form               Tmut/Air       17%        N/A       100%        7
 Disjunction              Tloc           4%         N/A       100%        8
 Lehudib's Crystal Spear  Conj/Erth      12%        10d4      100%        8
 Cigotuvi's Dreadful Rot  Necr/Pois/Air  Unusable   N/A       N/A         2

Dungeon Overview and Level Annotations

Branches:
Dungeon (10/15)            Temple (1/1) D:6
   Lair: D:8-11         Orc: D:9-12

Altars:
Ashenzari
Cheibriados
Dithmenos
Elyvilon
Fedhas
Gozag
Hepliaklqana
Kikubaaqudgha
Makhleb
Nemelex Xobeh
Okawaru
Qazlal
Ru
Sif Muna
Trog
Uskayaw
Vehumet
Wu Jian
Xom
Yredelemnul
Zin
The Shining One

Shops:
D:7 :   D:8 *   D:9 (

Annotations:
D:5 2 transporters


Innate Abilities, Weirdness & Mutations

You are a tree.
Your roots penetrate the ground, keeping you stationary.
You cannot be teleported.
You are immune to unholy pain and torment.
Your maximum health is greatly increased.
Your equipment is partially melded.
You are immune to sickness and miasma.
((Your stone body is resilient. (AC +8)))
You are immune to poison.
You resist negative energy. (rN+)
((You are resistant to electric shocks. (rElec)))
You are resistant to unholy torment.
You are immune to petrification.
((You are partially covered in iridescent scales. (AC +2)))
You have a somewhat thin skeletal structure. (Dex +2, Stealth+)
You are agile. (Dex +4, Str/Int -1)
Your mind is acute. (Int +4, Str/Dex -1)
((You are covered in fur. (AC +1)))


Message History

Press: ? - help, Shift-Dir - straight line, f/p - gargoyle
Aim: a gargoyle, wielding a +0 flail (severely damaged, 91% to hit)
The searing ray hits the gargoyle but does no damage.
The gargoyle is severely damaged. (Press . to maintain the ray.)
The searing ray hits the gargoyle but does no damage.
The gargoyle is severely damaged.
The gargoyle misses you.
The searing ray hits the gargoyle but does no damage.
The gargoyle is severely damaged.
The gargoyle hits you with a +0 flail!
* * * LOW HITPOINT WARNING * * *
Really quaff the potion of lignification?
You turn into a tree.
Your +1 helmet melds into your body.
Your +0 pair of gloves melds into your body.
Your +0 pair of boots melds into your body.
Your +0 robe melds into your body.
Your roots penetrate the ground.
The gargoyle hurls a stone arrow at you.
The stone arrow hits you but does no damage.
You feel very mighty all of a sudden.
The gargoyle hurls a stone arrow at you.
The stone arrow hits you!
* * * LOW HITPOINT WARNING * * *
You hit the gargoyle but do no damage.
The gargoyle is severely damaged.
You block the gargoyle's attack.
Okay, then.
Okay, then.
Okay, then.
Casting: Searing Ray (safe; 1% risk of failure)
Confirm with . or Enter, or press ? or * to list all spells.
Aiming: Searing Ray (safe; 1% risk of failure)
Press: ? - help, Shift-Dir - straight line, f/p - gargoyle
Aim: a gargoyle, wielding a +0 flail (severely damaged, 91% to hit)
The searing ray hits the gargoyle but does no damage.
The gargoyle is severely damaged. (Press . to maintain the ray.)
The gargoyle hurls a stone arrow at you.
The stone arrow hits you!
You die...

......###..#.......#
........#..#.....##.#
.............#......#
.............##.... #
#..........#........
.......#.##...##...
.......#......###..
##..............##...
#..#........♣9.$...#
#####.##.#....##..##
## ###....# ##
#..$.## #....# ######


You could see a gargoyle.

Vanquished Creatures
  Pikel (D:9)
  Maggie (D:7)
  A troll (D:9)
  Grinder (D:4)
  Prince Ribbit (D:7)
  A wyvern (D:9)
  16 yaks
  A steam dragon (D:9)
  An acid dragon (D:8)
  2 water moccasins (D:8)
  A sky beast (D:7)
  An orc warrior (D:7)
  An ogre (D:7)
  5 centaurs
  7 bullfrogs
  A gnoll sergeant (D:6)
  9 scorpions
  12 wights
  7 electric eels
  A crimson imp (D:6)
  2 jellies (D:6)
  5 hounds
  2 gnoll boudas
  5 orc priests
  A sleepcap (D:5)
  6 iguanas
  6 orc wizards
  13 gnolls
  11 adders
  A shadow imp (D:8)
  2 worms
  2 dart slugs
  30 orcs
  8 endoplasms
  2 giant cockroaches
  10 goblins
  9 hobgoblins
  6 kobolds
  6 quokkas
  4 ball pythons
  12 bats
  3 frilled lizards
  8 rats
225 creatures vanquished.

Vanquished Creatures (others)
  An orc wizard (D:9)
1 creature vanquished.

Grand Total: 226 creatures vanquished

Notes
Turn   | Place    | Note
-------+----------+-------------------------------------------
     0 | D:1      | Arctor the Gargoyle Conjurer began the quest for the Orb.
     0 | D:1      | Reached XP level 1. HP: 10/10 MP: 3/3
   363 | D:1      | Reached XP level 2. HP: 16/16 MP: 5/5
  1219 | D:2      | Reached XP level 3. HP: 16/20 MP: 6/6
  1320 | D:2      | Reached skill level 1 in Fighting
  1323 | D:2      | Learned a level 2 spell: Searing Ray
  1327 | D:2      | Learned a level 3 spell: Dazzling Flash
  2243 | D:3      | Reached XP level 4. HP: 25/25 MP: 7/7
  2476 | D:3      | Found a hide-covered altar of Uskayaw.
  2495 | D:3      | Found a shadowy altar of Dithmenos.
  2612 | D:3      | Reached XP level 5. HP: 30/30 MP: 9/9
  3164 | D:4      | Noticed Grinder
  3175 | D:4      | Killed Grinder
  3176 | D:4      | Reached skill level 5 in Conjurations
  3176 | D:4      | Reached XP level 6. HP: 28/35 MP: 1/10
  3566 | D:4      | Reached XP level 7. HP: 39/39 MP: 3/12
  3726 | D:4      | Found a glowing silver altar of Zin.
  4168 | D:4      | Found a stormy altar of Qazlal.
  4532 | D:5      | Entered Level 5 of the Dungeon
  4645 | D:5      | Gained mutation: You are covered in fur. (AC +1) [potion of
                  | mutation]
  4645 | D:5      | Gained mutation: You have hidden genetic potential. [potion
                  | of mutation]
  4645 | D:5      | Gained mutation: You are agile. (Dex +4, Str/Int -1)
                  | [potion of mutation]
  4645 | D:5      | Gained mutation: You are partially covered in iridescent
                  | scales. (AC +2) [potion of mutation]
  4670 | D:5      | Learned a level 3 spell: Spider Form
  4928 | D:5      | Reached skill level 1 in Transmutations
  5123 | D:5      | Reached XP level 8. HP: 44/44 MP: 6/14
  5224 | D:5      | Reached skill level 2 in Transmutations
  5340 | D:5      | Found a sacrificial altar of Ru.
  5391 | D:5      | Found a transporter.
  5418 | D:5      | Found a transporter.
  5690 | D:6      | Reached skill level 5 in Spellcasting
  5705 | D:6      | Gained mutation: You have a somewhat thin skeletal
                  | structure. (Dex +2, Stealth+) [hidden potential]
  5785 | D:5      | Reached skill level 3 in Transmutations
  5825 | D:5      | Identified a scroll of acquirement
  5825 | D:5      | Acquired the amulet "Pubuahyn" {Faith Rampage rPois rF+++
                  | Dex-3}
  6240 | D:6      | Found a burning altar of Makhleb.
  6243 | D:6      | Reached skill level 4 in Transmutations
  6289 | D:6      | Found a staircase to the Ecumenical Temple.
  6307 | D:7      | Found a white marble altar of Elyvilon.
  6460 | D:7      | Noticed Maggie
  6485 | D:7      | Killed Maggie
  6486 | D:7      | Reached XP level 9. HP: 27/48 MP: 9/19
  6592 | D:7      | Gained mutation: Your mind is acute. (Int +4, Str/Dex -1)
                  | [hidden potential]
  6592 | D:7      | Lost mutation: You have hidden genetic potential. [hidden
                  | potential expressed]
  6597 | D:7      | Reached skill level 5 in Transmutations
  7187 | D:7      | Found a snail-covered altar of Cheibriados.
  7211 | D:7      | Found Wuxes's Book Emporium.
  7259 | D:7      | Found an ornate altar of the Wu Jian Council.
  7371 | D:7      | Noticed Prince Ribbit
  7380 | D:7      | Killed Prince Ribbit
  7381 | D:7      | Reached skill level 6 in Transmutations
  7522 | Temple   | Entered the Ecumenical Temple
  7643 | D:6      | Reached XP level 10. HP: 43/53 MP: 21/21
  7891 | Temple   | Became a worshipper of Vehumet
  8870 | D:8      | Reached skill level 7 in Transmutations
  8952 | D:8      | Found Kyecvy's Assorted Antiques.
  8964 | D:8      | Bought a thin glowing staff for 312 gold pieces
  9233 | D:8      | Identified the +3 spear of Optimality {venom, rPois}
  9404 | D:8      | Reached skill level 5 in Shields
  9709 | D:8      | Reached * piety under Vehumet
  9709 | D:8      | Offered knowledge of Sandblast by Vehumet.
 10177 | D:9      | Noticed Pikel
 10202 | D:9      | Killed Pikel
 10203 | D:9      | Reached skill level 8 in Transmutations
 10559 | D:9      | Reached skill level 9 in Transmutations
 10583 | D:9      | Reached XP level 11. HP: 11/57 MP: 22/22
 11350 | D:9      | Reached ** piety under Vehumet
 11350 | D:9      | Offered knowledge of Foxfire by Vehumet.
 11356 | D:9      | Reached skill level 10 in Transmutations
 11487 | D:9      | Found Atyusoing's Weapon Shoppe.
 11692 | D:10     | Entered Level 10 of the Dungeon
 11891 | D:10     | Found a bloodstained altar of Trog.
 11937 | D:10     | HP: 1/85 [gargoyle/stone arrow (11)]
 11939 | D:10     | Killed from afar by a gargoyle

Illustrated notes

Levels and vault maps discovered:
D:1:      lemuel_arrival_broad_hall, layout_loops_corners
D:2:      cheibrodos_helix_gallery, layout_basic, minmay_distorted
D:3:      layout_basic, mainiacjoe_overflow_large_starburst,
          minmay_three_crescents
D:4:      old_forge, layout_loops_corners, nicolae_qazlal_eye_of_the_storm,
          mainiacjoe_overflow_alcove_4, columned_hall_lemuel, uniq_grinder
D:5:      gammafunk_wand_slinger, layout_basic, lemuel_tele_altar,
          kennysheep_small_square
D:6:      layout_rooms, makhleb_grotto_becter, minmay_temple_entry_sparse_star,
          kennysheep_small_spiral
D:7:      layout_loops_ring, nicolae_wu_jian_wuxing_cycle,
          overflow_temple_1_default, mainiacjoe_overflow_surrounded_room,
          serial_shops, shop, st_stairs_12, kennysheep_potato, uniq_maggie,
          uniq_prince_ribbit1
D:8:      layout_cave_pools, serial_shops, nicolae_shop_stone,
          serial_bayou_lake_a
D:9:      layout_roguey, serial_shops, nicolae_shop_tiny_real_fake_doors,
          kennysheep_big_empty_room, uniq_pikel
D:10:     wad_woods_structure_01, layout_cave_pools, trog_book
Temple:   nicolae_temple_ecumenical_triangle

Skill      XL: |  1  2  3  4  5  6  7  8  9 10 11 |
---------------+----------------------------------+-----
Fighting       | 1 |  1.8
Dodging        | 2 3 4 |  4.5
Stealth        | 3 |  3.2
Shields        | 2 3 5 |  5.9
Spellcasting   | 3 4 6 7 |  7.7
Conjurations   | 5 6 |  6.0
Transmutations | 1 4 6 9 10 | 10.2

Action                     |  1- 3 |  4- 6 |  7- 9 | 10-12 || total
---------------------------+-------+-------+-------+-------++-------
  Melee: Short sword       |   120 |   224 |   208 |       ||   552
         Unarmed           |     7 |       |    15 |     4 ||    26
         Punch             |     1 |       |       |       ||     1
         Dagger            |       |       |   113 |   200 ||   313
   Cast: Magic Dart        |    19 |    17 |    41 |    47 ||   124
         Searing Ray       |       |     2 |    35 |    42 ||    79
         Spider Form       |       |       |     1 |     1 ||     2
    Use: Scroll            |       |     4 |    12 |     5 ||    21
         Potion            |       |       |     5 |     8 ||    13
   Stab: Sleeping          |     2 |     5 |    10 |     5 ||    22
         Invisible         |       |       |     1 |       ||     1
         Distracted        |       |       |     1 |       ||     1
 Armour: Robe              |    31 |    66 |   158 |   186 ||   441
         Skin              |       |       |     1 |     2 ||     3
  Dodge: Dodged            |    73 |   105 |   203 |   199 ||   580
  Block: Buckler           |       |    20 |    73 |    57 ||   150
         Kite shield       |       |       |     3 |     4 ||     7
